 Dungeon Crawl Stone Soup version 0.21-a0-634-gaf8bc5d (webtiles) character file.

1631 KeeTraxx the Poker (level 8, 0/67 HPs)
             Began as a Gnoll Chaos Knight on Dec 29, 2017.
             Slain by Regeox's ghost (16 damage)
             ... on level 7 of the Dungeon.
             The game lasted 00:12:27 (5628 turns).

KeeTraxx the Poker (Gnoll Chaos Knight)             Turns: 5628, Time: 00:12:28

Health: 0/67       AC: 15    Str: 15    XL:     8   Next: 98%
Magic:  13/13      EV:  6    Int: 16    God:    Xom [....*.]
Gold:   299        SH: 10    Dex: 15    Spells: 12/14 levels left

rFire    . . .     SeeInvis .   a - +1 war axe (elec)
rCold    . . .     Gourm    .   l - +1 shield
rNeg     . . .     Faith    .   z - +0 chain mail {rPois}
rPois    +         Spirit   .   (no helmet)
rElec    .         Reflect  .   i - +0 cloak
rCorr    .         Harm     .   B - +0 pair of gloves
MR       ++...                  C - +0 pair of boots
Stlth    ..........             (no amulet)
HPRegen  0.21/turn              d - ring of protection from magic
MPRegen  0.13/turn              r - ring of poison resistance

@: berserk cooldown, slowed, very slow
A: distributed training, fangs 1, thin metallic scales 1, magic resistance 1,
evolution 1, strong nose
a: Renounce Religion


You were on level 7 of the Dungeon.
You worshipped Xom.
You were a beloved toy of Xom.
You were hungry.

You visited 1 branch of the dungeon, and saw 7 of its levels.

You collected 299 gold pieces.

Inventory:

Hand Weapons
 a - a +1 war axe of electrocution (weapon)
 b - a +0 hand crossbow of freezing
 A - a +0 spear of chaos
Missiles
 q - 186 stones
 v - 72 sling bullets
 w - a throwing net
 D - 7 javelins (quivered)
 F - 14 bolts
Armour
 i - a +0 cloak (worn)
 l - a +1 shield (worn)
 x - a +0 scale mail
 y - a +0 chain mail
 z - a +0 chain mail of poison resistance (worn)
 B - a +0 pair of gloves (worn)
 C - a +0 pair of boots (worn)
 E - a +2 leather armour
Jewellery
 d - a ring of protection from magic (left hand)
 r - a ring of poison resistance (right hand)
 s - an uncursed ring of resist corrosion
Wands
 f - a wand of polymorph (30)
Scrolls
 h - 2 scrolls of blinking
 j - 2 scrolls of identify
 k - a scroll of immolation {unknown}
 H - 2 scrolls of fog
 I - a scroll of remove curse
Potions
 e - 2 potions of lignification
 g - a potion of ambrosia
 m - 3 potions of curing
 n - a potion of berserk rage
 o - a potion of magic
 p - a potion of degeneration
 J - a potion of mutation
 L - 2 potions of heal wounds {unknown}
Books
 t - a book of Cantrips

   Spells                             Type                      Level
   a - Confusing Touch                Hexes                        1
   b - Animate Skeleton               Necromancy                   1
   c - Summon Small Mammal            Summoning                    1
   d - Apportation                    Translocation                1
Comestibles
 c - 10 rations


   Skills:
 + Level 7.5 Fighting
 + Level 3.6 Short Blades
 + Level 3.6 Long Blades
 + Level 3.6 Axes
 + Level 3.6 Maces & Flails
 + Level 7.5 Polearms
 + Level 3.6 Staves
 + Level 3.6 Slings
 + Level 3.6 Bows
 + Level 3.6 Crossbows
 + Level 3.6 Throwing
 + Level 5.9 Armour
 + Level 4.5 Dodging
 + Level 3.6 Stealth
 + Level 3.6 Shields
 + Level 3.6 Unarmed Combat
 + Level 3.6 Spellcasting
 + Level 3.0 Conjurations
 + Level 3.0 Hexes
 + Level 3.0 Charms
 + Level 3.0 Summonings
 + Level 3.0 Necromancy
 + Level 3.0 Translocations
 + Level 3.0 Transmutations
 + Level 3.0 Fire Magic
 + Level 3.0 Ice Magic
 + Level 3.0 Air Magic
 + Level 3.0 Earth Magic
 + Level 3.0 Poison Magic
 + Level 4.0 Invocations
 + Level 3.6 Evocations


You had 12 spell levels left.
You knew the following spells:

 Your Spells              Type           Power        Failure   Level  Hunger
a - Animate Skeleton      Necr           N/A          98%         1    None
b - Apportation           Tloc           ##....       98%         1    None


Dungeon Overview and Level Annotations

Branches:
Dungeon (7/15)             Temple (0/1) D:5

Altars:
Fedhas
Kikubaaqudgha
Trog
Xom
Zin
The Shining One

Annotations:
D:7 Regeox's ghost, novice GrFi


Innate Abilities, Weirdness & Mutations

Your experience applies equally to all skills.
You have very sharp teeth.
Your uncanny sense of smell can sniff out nearby items.
You are partially covered in thin metallic scales. (AC +2)
You are resistant to hostile enchantments. (MR+)
You evolve.


Message History

Regeox's ghost hits you but does no damage.
You block Regeox's ghost's attack.
You closely miss Regeox's ghost.
Regeox's ghost is moderately damaged.
Regeox's ghost completely misses you. You block Regeox's ghost's attack.
Your shield and chain mail prevent you from hitting Regeox's ghost.
Regeox's ghost is moderately damaged.
Regeox's ghost hits you but does no damage.
Regeox's ghost hits you!
* * * LOW HITPOINT WARNING * * *
You closely miss Regeox's ghost.
Regeox's ghost is moderately damaged.
Regeox's ghost whispers, "The ORB doesn't exist."
You block Regeox's ghost's attack. x2
You block Regeox's ghost's attack.
There is a stone staircase leading up here.
Regeox's ghost hits you but does no damage.
Regeox's ghost hits you!
You die...
Xom guffaws!

∆ ∆ ### ∆ # ...#. .#
####..[...
#.#########.....#>
#.........@W.........
#####.......>.....######..
##..<...###......###
...§....# ##..####
.)†.##### .... (...# #.##
....# . ....# ....#


You could see Regeox's ghost.

Vanquished Creatures
  2 orc warriors (D:6)
  2 sky beasts
  2 ogres
  A scorpion (D:7)
  A centaur zombie (D:6)
  A crimson imp (D:6)
  A bullfrog zombie (D:5)
  4 orc priests
  4 hounds
  9 orc wizards
  A bullfrog skeleton (D:4)
  5 iguanas
  Terence (D:2)
  Ijyb (D:3)
  A hound skeleton (D:4)
  A howler monkey skeleton (D:3)
  A howler monkey zombie (D:6)
  5 adders
  A shadow imp (D:5)
  2 oozes
  An adder skeleton (D:5)
  4 worms
  4 dart slugs
  2 leopard geckos
  28 orcs
  7 bats
  3 giant cockroaches
  9 goblins
  8 hobgoblins
  10 jackals
  4 quokkas
  4 ball pythons
  12 frilled lizards
  A jackal skeleton (D:4)
  8 kobolds
  3 leopard gecko zombies (D:6)
  A quokka skeleton (D:6)
  A quokka zombie (D:6)
  10 rats
166 creatures vanquished.

Vanquished Creatures (collateral kills)
  2 orc wizards (D:7)
2 creatures vanquished.

Vanquished Creatures (others)
  An orc (D:7)
  4 plants (D:6)
5 creatures vanquished.

Grand Total: 173 creatures vanquished

Notes
Turn   | Place    | Note
-------+----------+-------------------------------------------
     0 | D:1      | KeeTraxx the Gnoll Chaos Knight began the quest for the Orb.
     0 | D:1      | Reached XP level 1. HP: 23/23 MP: 1/1
   127 | D:1      | Reached XP level 2. HP: 29/29 MP: 2/2
   471 | D:1      | Reached XP level 3. HP: 35/35 MP: 3/3
   712 | D:1      | XOM: harmless Summ miscast
   757 | D:1      | XOM: harmless Erth miscast
   873 | D:2      | Noticed Terence
   881 | D:2      | Killed Terence
   881 | D:2      | Reached skill level 1 in Short Blades
   881 | D:2      | Reached skill level 1 in Long Blades
   881 | D:2      | Reached skill level 1 in Axes
   881 | D:2      | Reached skill level 1 in Maces & Flails
   881 | D:2      | Reached skill level 1 in Staves
   881 | D:2      | Reached skill level 1 in Slings
   881 | D:2      | Reached skill level 1 in Bows
   881 | D:2      | Reached skill level 1 in Crossbows
   881 | D:2      | Reached skill level 1 in Throwing
   881 | D:2      | Reached skill level 1 in Stealth
   881 | D:2      | Reached skill level 1 in Shields
   881 | D:2      | Reached skill level 1 in Unarmed Combat
   881 | D:2      | Reached skill level 1 in Spellcasting
   881 | D:2      | Reached skill level 1 in Invocations
   881 | D:2      | Reached skill level 1 in Evocations
   881 | D:2      | Reached XP level 4. HP: 35/41 MP: 5/5
   986 | D:2      | XOM: harmless Conj miscast
  1146 | D:2      | Reached skill level 1 in Conjurations
  1146 | D:2      | Reached skill level 1 in Hexes
  1146 | D:2      | Reached skill level 1 in Charms
  1146 | D:2      | Reached skill level 1 in Summonings
  1146 | D:2      | Reached skill level 1 in Necromancy
  1146 | D:2      | Reached skill level 1 in Translocations
  1146 | D:2      | Reached skill level 1 in Transmutations
  1146 | D:2      | Reached skill level 1 in Fire Magic
  1146 | D:2      | Reached skill level 1 in Ice Magic
  1146 | D:2      | Reached skill level 1 in Air Magic
  1146 | D:2      | Reached skill level 1 in Earth Magic
  1146 | D:2      | Reached skill level 1 in Poison Magic
  1265 | D:2      | Reached XP level 5. HP: 47/47 MP: 6/6
  1353 | D:2      | XOM: summons friendly crimson imp
  1382 | D:2      | Learned a level 1 spell: Animate Skeleton
  1384 | D:2      | Learned a level 1 spell: Apportation
  1840 | D:3      | Found a bloodstained altar of Trog.
  2123 | D:3      | XOM: silly message
  2165 | D:3      | XOM: enchant monster (good)
  2170 | D:3      | XOM: harmless Tmut miscast
  2193 | D:3      | Noticed Ijyb
  2199 | D:3      | Killed Ijyb
  2199 | D:3      | Reached XP level 6. HP: 51/53 MP: 8/8
  2465 | D:4      | XOM: mild Ice miscast
  2469 | D:4      | Reached skill level 5 in Armour
  2533 | D:4      | XOM: divination: detect items
  2655 | D:3      | XOM: mild Tloc miscast
  2656 | D:3      | Noticed a spatial vortex
  2928 | D:4      | Reached XP level 7. HP: 56/59 MP: 10/10
  3015 | D:5      | Entered Level 5 of the Dungeon
  3103 | D:5      | XOM: scenery: create altars
  3257 | D:5      | Found a glowing silver altar of Zin.
  3266 | D:5      | Found a glowing golden altar of the Shining One.
  3330 | D:5      | XOM: give mutations
  3330 | D:5      | Gained mutation: You evolve. [Xom's grace]
  3330 | D:5      | Gained mutation: You are resistant to hostile enchantments. (MR+) [Xom's grace]
  3362 | D:5      | XOM: confusion
  3522 | D:5      | XOM: enchant monster (good)
  3822 | D:5      | Found a staircase to the Ecumenical Temple.
  3887 | D:5      | XOM: god gift: wand of polymorph (13)
  4101 | D:6      | Reached XP level 8. HP: 67/67 MP: 12/12
  4113 | D:6      | XOM: summons 2 friendly demons
  4428 | D:6      | XOM: confuse monster(s)
  4445 | D:6      | XOM: summons friendly ufetubus
  4714 | D:6      | XOM: mild Air miscast
  4779 | D:6      | Found a blossoming altar of Fedhas.
  4796 | D:6      | Found an ancient bone altar of Kikubaaqudgha.
  4926 | D:6      | XOM: swap monsters
  4975 | D:6      | XOM: god gift: pair of gloves {god gift}
  5116 | D:7      | Noticed Regeox's ghost (novice GrFi)
  5116 | D:7      | XOM: divine lightning
  5141 | D:6      | XOM: silly message
  5196 | D:6      | Gained mutation: You are partially covered in thin metallic scales. (AC +2) [evolution]
  5375 | D:7      | XOM: fog
  5412 | D:7      | XOM: enchant monster (good)
  5628 | D:7      | Slain by Regeox's ghost

Vault maps used:
D:1:      minmay_arrival_wavy_path, serial_corexii_hall, corexii_hall_statues_t,
          corexii_hall_statues_s
D:2:      uniq_terence
D:3:      first_ration, trog_hazing_becter, uniq_ijyb
D:5:      amethyst_overflow_temple_binary, lemuel_temple_firewalk_b,
          uniq_crazy_yiuf_cottage
D:6:      fedhas_altar_decomposition, basic_altar, minmay_misc_feat_square
D:7:      statuecave_lemuel, nicolae_ru_path_of_blood, grunt_livestock

Skill      XL: |  1  2  3  4  5  6  7  8 |
---------------+-------------------------+-----
Short Blades   | 1 2 3 |  3.6
Long Blades    | 1 2 3 |  3.6
Axes           | 1 2 3 |  3.6
Maces & Flails | 1 2 3 |  3.6
Staves         | 1 2 3 |  3.6
Slings         | 1 2 3 |  3.6
Bows           | 1 2 3 |  3.6
Crossbows      | 1 2 3 |  3.6
Throwing       | 1 2 3 |  3.6
Stealth        | 1 2 3 |  3.6
Shields        | 1 2 3 |  3.6
Unarmed Combat | 1 2 3 |  3.6
Spellcasting   | 1 2 3 |  3.6
Invocations    | 1 2 3 4 |  4.0
Evocations     | 1 2 3 |  3.6
Conjurations   | 1 2 3 |  3.0
Hexes          | 1 2 3 |  3.0
Charms         | 1 2 3 |  3.0
Summonings     | 1 2 3 |  3.0
Necromancy     | 1 2 3 |  3.0
Translocations | 1 2 3 |  3.0
Transmutations | 1 2 3 |  3.0
Fire Magic     | 1 2 3 |  3.0
Ice Magic      | 1 2 3 |  3.0
Air Magic      | 1 2 3 |  3.0
Earth Magic    | 1 2 3 |  3.0
Poison Magic   | 1 2 3 |  3.0
Dodging        | 3 4 |  4.5
Armour         | 5 |  5.9
Fighting       | 7 |  7.5
Polearms       | 7 |  7.5

Action                   |  1- 3 |  4- 6 |  7- 9 || total
-------------------------+-------+-------+-------++-------
Melee: Spear             |    82 |   208 |    38 ||   328
       Bite              |     7 |    24 |    15 ||    46
       War axe           |       |    54 |   161 ||   215
 Fire: Hand crossbow     |       |       |    13 ||    13
Evoke: Wand              |       |       |     2 ||     2
  Use: Scroll            |       |       |    15 ||    15
       Potion            |       |       |     1 ||     1
 Stab: Sleeping          |     1 |     2 |       ||     3
       Paralysed         |       |     2 |     7 ||     9
       Confused          |       |     1 |       ||     1
  Eat: Chunk             |       |     7 |     8 ||    15
Armor: Leather armour    |    11 |    25 |       ||    36
       Scale mail        |       |     5 |       ||     5
       Chain mail        |       |    31 |    80 ||   111
Dodge: Dodged            |    19 |    73 |    35 ||   127
Block: Shield            |    15 |    70 |    91 ||   176

Table legend:
 A = Spawn XP
 B = Non-spawn XP
 C = Spawn XP percentage of total XP
 D = Spawn monster count
 E = Non-spawn monster count
 F = Spawn count percentage of total count
 G = Total turns spent on level
                    A         B        C        D         E        F      G
               +---------+---------+-------+---------+---------+-------+---------
         Total |       0 |    2330 |   0.0 |       0 |     168 |   0.0 |  5628
               +---------+---------+-------+---------+---------+-------+---------
           D:1 |       0 |      47 |   0.0 |       0 |      27 |   0.0 |   839
           D:2 |       0 |     153 |   0.0 |       0 |      24 |   0.0 |   764
           D:3 |       0 |     140 |   0.0 |       0 |      34 |   0.0 |   933
           D:4 |       0 |     351 |   0.0 |       0 |      24 |   0.0 |   519
           D:5 |       0 |     419 |   0.0 |       0 |      16 |   0.0 |   844
           D:6 |       0 |     819 |   0.0 |       0 |      30 |   0.0 |  1545
           D:7 |       0 |     401 |   0.0 |       0 |      13 |   0.0 |   184
               +---------+---------+-------+---------+---------+-------+---------
